 Dungeon Crawl Stone Soup version 0.30.0-19-g36f170ea60 (webtiles) character file.

Game seed: 5117576939911096970

34318 suipiss the Destroyer (level 13, -7/63 HPs)
             Began as a Deep Elf Enchanter on June 1, 2023.
             Was an Elder of Sif Muna.
             Mangled by a caustic shrike simulacrum (26 damage)
             ... in an ice cave.
             The game lasted 01:17:11 (17284 turns).

suipiss the Destroyer (Deep Elf Enchanter)         Turns: 17284, Time: 01:17:11

Health: -7/63      AC: 16    Str:  5    XL:     13   Next: 41%
Magic:  4/38       EV: 13    Int: 26    God:    Sif Muna [****..]
Gold:   1180       SH:  0    Dex: 15    Spells: 12/32 levels left

rFire   x . .        A - +5 dagger of Buplo {pain, rElec MP+9}
rCold   + . .        (no shield)
rNeg    . . .        H - +2 steam dragon scales
rPois   .            d - +2 helmet
rElec   +            g - +0 cloak
rCorr   .            w - +1 pair of gloves of Dogma {Will+}
SInv    .            f - +1 pair of boots
Will    ++...        k - amulet of the acrobat
Stlth   ++++         t - ring of ice
HPRegen 0.30/turn    N - ring of wizardry
MPRegen 0.26/turn

%: acrobat, wizardry (x1)
@: constricted
A: no striking features
a: Renounce Religion, Channel Magic, Forget Spell, Divine Exegesis


You were in an ice cave.
You worshipped Sif Muna.
Sif Muna was greatly pleased with you.
You visited 2 branches of the dungeon, and saw 16 of its levels.
You also visited: Ice Cave.

You collected 2681 gold pieces.
You spent 1501 gold pieces at shops.

Inventory:

Hand Weapons
 a - a +4 dagger of freezing
 A - the +5 dagger of Buplo (weapon) {pain, rElec MP+9}
   (You found it on level 7 of the Dungeon)

   rElec:     It insulates you from electricity.
   MP:        It affects your magic capacity (+9).
 B - a +2 short sword of holy wrath
 J - the +0 long sword of suipiss's Peril {drain, rPois Will+}
   (You found it on level 1 of the Orcish Mines)

   rPois:     It protects you from poison.
   Will:      It increases your willpower.
Missiles
 G - 2 throwing nets (quivered)
Armour
 b - a +0 robe
 d - a +2 helmet (worn)
 f - a +1 pair of boots (worn)
 g - a +0 cloak (worn)
 w - the +1 pair of gloves of Dogma (worn) {Will+}
   (You found it on level 5 of the Dungeon)

   Will:      It increases your willpower.
 y - a +0 buckler
 D - a +0 leather armour of poison resistance
 H - +2 steam dragon scales (worn)
Jewellery
 k - an amulet of the acrobat (around neck)
 l - a ring of fire
 t - a ring of ice (left hand)
 u - a ring of magical power
 K - the ring of the Townfolk {rPois rN+ Will+ Str+3 Int-3 Slay+2}
   (You bought it in a shop on level 11 of the Dungeon)

   [ring of willpower]

   Str:       It affects your strength (+3).
   Int:       It affects your intelligence (-3).
   Slay:      It affects your accuracy & damage with ranged weapons and melee
   (+2).
   rPois:     It protects you from poison.
   rN:        It protects you from negative energy.
   Will:      It increases your willpower.
 N - a ring of wizardry (right hand)
 Q - a ring of flight
 R - a +4 ring of protection
Wands
 n - a wand of charming (24)
 p - a wand of mindburst (11)
 q - a wand of digging (5)
 z - a wand of polymorph (14)
 F - a wand of flame (21)
 P - a wand of quicksilver (2)
Scrolls
 e - 2 scrolls of immolation
 o - 4 scrolls of vulnerability
 r - 3 scrolls of silence
 s - 3 scrolls of magic mapping
 v - a scroll of butterflies
 x - 4 scrolls of fear
 C - 4 scrolls of poison
 I - 3 scrolls of enchant weapon
 L - a scroll of teleportation
 O - 2 scrolls of identify
Potions
 h - 6 potions of flight
 i - a potion of ambrosia
 j - 11 potions of curing
 m - a potion of mutation
 E - 3 potions of heal wounds
 M - 2 potions of invisibility
 T - a potion of brilliance
Miscellaneous
 S - a phantom mirror


   Skills:
 + Level 7.4 Short Blades
 - Level 4.0 Armour
 + Level 9.1 Dodging
 - Level 7.2 Stealth
 + Level 10.1 Spellcasting
 * Level 11.0 Conjurations
 + Level 10.4 Hexes
 * Level 11.0 Fire Magic
 - Level 6.3 Poison Magic
 * Level 7.6 Invocations


You had 12 spell levels left.
You knew the following spells:

 Your Spells              Type           Power      Damage    Failure   Level
a - Ensorcelled Hibernat  Hex/Ice        100%       N/A       1%          2
b - Ignite Poison         Fire/Tmut/Pois 43%        N/A       1%          3
d - Sticky Flame          Conj/Fire      63%        2d8       1%          4
e - Olgreb's Toxic Radia  Pois           45%        N/A       1%          4
f - Blink                 Tloc           26%        N/A       2%          2
g - Summon Mana Viper     Hex/Summ       40%        N/A       6%          5

Your spell library contained the following spells:

 Spells                   Type           Power      Damage    Failure   Level
 Apportation              Tloc           26%        N/A       1%          1
 Kiss of Death            Conj/Necr      100%       2d13      1%          1
 Necrotise                Necr           52%        1d6       1%          1
 Sting                    Tmut/Pois      100%       1d8       1%          1
 Summon Small Mammal      Summ           52%        N/A       1%          1
 Cigotuvi's Dreadful Rot  Necr/Pois/Air  48%        N/A       1%          2
 Momentum Strike          Conj/Tloc      82%        3d10      1%          2
 Poisonous Vapours        Pois/Air       58%        N/A       1%          2
 Confusing Touch          Hex            61%        N/A       1%          3
 Dazzling Flash           Conj/Hex       100%       N/A       1%          3
 Tukima's Dance           Hex            61%        N/A       1%          3
 Call Imp                 Summ           26%        N/A       2%          2
 Lesser Beckoning         Tloc           26%        N/A       2%          2
 Passwall                 Tmut/Erth      10%        N/A       2%          2
 Sublimation of Blood     Necr           13%        N/A       2%          2
 Irradiate                Conj/Tmut      20%        3d18      5%          5
 Call Canine Familiar     Summ           13%        N/A       6%          3
 Gell's Gravitas          Tloc           13%        N/A       6%          3
 Teleport Other           Tloc           13%        N/A       6%          3
 Alistair's Intoxication  Tmut/Pois      19%        N/A       14%         5
 Animate Dead             Necr           13%        N/A       17%         4
 Dispel Undead            Necr           13%        3d9       17%         4
 Petrify                  Tmut/Erth      13%        N/A       17%         4
 Summon Ice Beast         Ice/Summ       19%        N/A       17%         4
 Summon Lightning Spire   Summ/Air       13%        N/A       17%         4
 Borgnjor's Vile Clutch   Necr/Erth      6%         N/A       43%         5
 Eringya's Noxious Bog    Tmut/Pois      14%        N/A       56%         6
 Ignition                 Fire           31%        3d10      75%         8
 Death Channel            Necr           6%         N/A       93%         6
 Simulacrum               Ice/Necr       9%         N/A       93%         6
 Haunt                    Necr/Summ      6%         N/A       100%        7
 Monstrous Menagerie      Summ           6%         N/A       100%        7
 Ozocubu's Refrigeration  Ice            10%        4d9       100%        7
 Storm Form               Tmut/Air       6%         N/A       100%        7
 Infestation              Necr           6%         N/A       100%        8
 Maxwell's Capacitive Co  Air            6%         ∞         100%        8
 Summon Horrible Things   Summ           6%         N/A       100%        8
 Polar Vortex             Ice            10%        N/A       100%        9


Dungeon Overview and Level Annotations

Branches:
Dungeon (14/15)            Temple (0/1) D:5            Lair (0/5) D:10
    Orc (2/2) D:9             Elf (0/3) Orc:2        Vaults (0/5) D:13
  IceCv (1/1)

Altars:
Ashenzari
Cheibriados
Qazlal
Ru
Sif Muna
Yredelemnul
Zin
The Shining One
Jiyva

Shops:
D:11 ((=(?   Orc:2 :[

Annotations:
D:5 2 transporters, TopTierWarrior's ghost, novice MiFi
D:10 2 transporters, RascalDebosk's ghost, journeyman DjSu
Orc:2 Saint Roka IceCv 1 transporter, exclusion: orange crystal statue


Message History

Unknown command.
Casting: Ignite Poison (safe; 1% risk of failure)
Confirm with . or Enter, or press ? or * to list all spells.
Okay, then.
Casting: Ignite Poison (safe; 1% risk of failure)
Confirm with . or Enter, or press ? or * to list all spells.
You escape the anaconda simulacrum's grasp.
You blink.
Found 5 javelins.
The anaconda simulacrum closely misses you.
The anaconda simulacrum barely misses you.
Found an ichor-stained robe, a glowing short sword and 19 gold pieces.
The white very ugly thing gurgles horribly!
The anaconda simulacrum attacks as you move away!
The anaconda simulacrum completely misses you. x2
Found four items.
The anaconda simulacrum completely misses you.
The anaconda simulacrum bites you but does no damage.
Marking area around an orange crystal statue as unsafe for travelling.
Unknown command.
Okay, then.
Okay, then.
Press: ? - help, v - describe, . - travel
Here: a caustic shrike simulacrum The floor.
Okay, then.
Okay, then.
Okay, then.
Okay, then.
Found an ice covered gate leading back out of this place.
The anaconda simulacrum completely misses you.
The anaconda simulacrum misses you.
You feel much better.
You feel stable enough to blink again. The anaconda simulacrum grabs you.
The anaconda simulacrum bites you but does no damage.
The anaconda simulacrum constricts you.
The caustic shrike simulacrum claws you!
The caustic shrike simulacrum freezes you!!
You resist.
You die...

#...........#
#...........#
##...........#
########...Z.........#
#§ZuZ.Z.....8...8....#
########Z.....?......#
##....!!?....
#.ZZZ.©.(...
##..@8©8...#
########### 8u.©..8#
8.W.....8# 8....W....8
.....[)$....
#∩.../?8)$...
#############


You could see a white very ugly thing, an orange crystal statue, 2 freezing
wraiths, 2 anaconda simulacra, a lindwurm simulacrum, 2 golden dragon simulacra
and a caustic shrike simulacrum.

Vanquished Creatures
  2 orc warlords (Orc:1)
  An entropy weaver (shapeshifter) (D:13)
  A vault guard (D:13)
  A centaur warrior (D:14)
  4 two-headed ogres
  2 boulder beetles (D:12)
  A skeletal warrior (D:13)
  4 orc knights
  3 deep elf pyromancers
  4 orc sorcerers
  3 cyclopes
  A manticore (D:12)
  A gargoyle (D:14)
  Maurice (D:9)
  Maggie (D:9)
  An unseen horror (D:10)
  Psyche (D:9)
  A kobold demonologist (D:10)
  2 komodo dragons
  13 trolls
  Prince Ribbit (D:6)
  Sigmund (D:5)
  A slime creature (D:12)
  A jumping spider (shapeshifter) (D:13)
  2 shadows
  2 wyverns
  3 yaks (D:10)
  A vampire (D:10)
  2 minotaur simulacra (D:14)
  A harpy simulacrum (D:14)
  2 steam dragons
  2 wargs (Orc:1)
  A water moccasin (D:10)
  46 orc warriors
  A sky beast (D:7)
  An ice beast (D:7)
  A black bear (D:10)
  7 ogres
  5 centaurs
  3 phantoms
  5 kobold brigands
  5 bullfrogs
  A deep troll simulacrum (D:14)
  2 necrophages
  6 scorpions
  2 gnoll sergeants
  3 wights (D:7)
  14 killer bees
  An electric eel (D:13)
  A howler monkey (D:6)
  A hound (D:4)
  A wyvern simulacrum (D:7)
  21 orc priests
  A gnoll bouda (D:6)
  A jelly (D:8)
  3 sleepcaps (D:6)
  3 iguanas (D:5)
  24 orc wizards
  A spectral killer bee (D:7)
  A killer bee zombie (D:7)
  A howler monkey skeleton (D:7)
  8 gnolls
  9 adders
  A shadow imp (D:6)
  5 white imps
  An ufetubus (D:5)
  2 worms
  5 dart slugs
  89 orcs
  7 endoplasms
  6 giant cockroaches
  9 goblins
  8 hobgoblins
  6 jackals
  4 quokkas
  4 ball pythons
  8 bats
  5 frilled lizards
  24 kobolds
  2 rats
433 creatures vanquished.

Vanquished Creatures (collateral kills)
  2 spriggan simulacra (D:14)
  2 ugly things
  A shadow (D:12)
  A harpy simulacrum (IceCv)
  2 acid dragons
  5 orc warriors
  2 ogres
  A deep troll simulacrum (D:14)
  3 wights (D:7)
  A lindwurm simulacrum (D:14)
  3 jellies (D:12)
  A hound (D:6)
  An orc priest (D:6)
  3 gnolls (D:6)
  An orc (Orc:1)
  A kobold (D:7)
30 creatures vanquished.

Vanquished Creatures (others)
  4 dancing weapons
  An orc (D:7)
5 creatures vanquished.

Grand Total: 468 creatures vanquished

Notes
Turn   | Place    | Note
-------+----------+-------------------------------------------
     0 | D:1      | suipiss the Deep Elf Enchanter began the quest for the Orb.
     0 | D:1      | Reached XP level 1. HP: 10/10 MP: 6/6
   173 | D:1      | Reached XP level 2. HP: 6/15 MP: 8/8
   176 | D:1      | Learned a level 2 spell: Ensorcelled Hibernation
  1047 | D:2      | Reached skill level 1 in Conjurations
  1093 | D:2      | Reached XP level 3. HP: 15/19 MP: 6/9
  1402 | D:2      | Learned a level 3 spell: Dazzling Flash
  1406 | D:2      | Learned a level 3 spell: Tukima's Dance
  1572 | D:2      | Reached XP level 4. HP: 24/24 MP: 6/11
  2329 | D:3      | Noticed a scorpion
  2335 | D:3      | Killed a scorpion
  2336 | D:3      | Reached skill level 1 in Fire Magic
  2336 | D:3      | Reached skill level 1 in Poison Magic
  2336 | D:3      | Reached XP level 5. HP: 26/28 MP: 7/12
  2337 | D:3      | Noticed an ogre
  2349 | D:3      | Killed an ogre
  2455 | D:3      | Found a basalt altar of Yredelemnul.
  2818 | D:3      | Reached skill level 5 in Stealth
  2821 | D:3      | Reached XP level 6. HP: 15/32 MP: 7/14
  3408 | D:4      | Found a shimmering blue altar of Sif Muna.
  3420 | D:4      | Became a worshipper of Sif Muna the Loreminder
  3686 | D:4      | Found a glowing silver altar of Zin.
  4047 | D:5      | Entered Level 5 of the Dungeon
  4078 | D:5      | Found a transporter.
  4081 | D:5      | Noticed TopTierWarrior's ghost (novice MiFi)
  4086 | D:5      | Identified the +1 pair of gloves of Dogma {Will+}
  4086 | D:5      | Identified the +1 dire flail of an ossuary {venom, rC+}
  4095 | D:5      | Found a transporter.
  4204 | D:5      | Noticed Sigmund
  4322 | D:5      | Killed Sigmund
  4323 | D:5      | Reached skill level 5 in Hexes
  4323 | D:5      | Reached XP level 7. HP: 28/36 MP: 15/15
  4445 | D:5      | Found a broken altar of Ashenzari.
  4461 | D:5      | Found a staircase to the Ecumenical Temple.
  4964 | D:6      | Noticed a shadow
  4977 | D:5      | Learned a level 4 spell: Sticky Flame
  5080 | D:6      | Reached * piety under Sif Muna
  5092 | D:6      | Reached XP level 8. HP: 35/41 MP: 9/17
  5268 | D:6      | Reached skill level 5 in Spellcasting
  5319 | D:6      | Noticed a white ugly thing
  5897 | D:6      | Learned a level 4 spell: Olgreb's Toxic Radiance
  5902 | D:6      | Learned a level 3 spell: Ignite Poison
  6057 | D:7      | Reached skill level 5 in Fire Magic
  6057 | D:7      | Reached XP level 9. HP: 45/45 MP: 9/19
  6165 | D:6      | Reached skill level 5 in Poison Magic
  6173 | D:6      | Killed a white ugly thing
  6174 | D:6      | Reached skill level 5 in Dodging
  6174 | D:6      | Reached skill level 5 in Conjurations
  6188 | D:7      | Reached ** piety under Sif Muna
  6195 | D:7      | Noticed Prince Ribbit
  6204 | D:6      | Killed Prince Ribbit
  6671 | D:7      | Found a snail-covered altar of Cheibriados.
  7327 | D:7      | Identified the +5 dagger of Buplo {pain, rElec MP+9}
  7430 | D:8      | Reached *** piety under Sif Muna
  7433 | D:8      | Reached XP level 10. HP: 50/50 MP: 19/21
  7548 | D:8      | Found a sacrificial altar of Ru.
  7995 | D:8      | Learned a level 2 spell: Blink
  8034 | D:8      | Found a glowing golden altar of the Shining One.
  8512 | D:9      | Noticed Psyche
  8515 | D:9      | Killed Psyche
  8608 | D:9      | Reached skill level 1 in Armour
  8743 | D:9      | Noticed a two-headed ogre
  8749 | D:9      | Killed a two-headed ogre
  8750 | D:9      | Reached skill level 5 in Short Blades
  8839 | D:9      | Noticed Maurice
  8847 | D:9      | Killed Maurice
  9239 | D:9      | Noticed Maggie
  9249 | D:9      | Killed Maggie
  9346 | D:9      | Noticed a two-headed ogre
  9352 | D:9      | Killed a two-headed ogre
  9358 | D:9      | Reached XP level 11. HP: 50/54 MP: 8/24
  9469 | D:9      | Found a staircase to the Orcish Mines.
  9480 | D:9      | Reached **** piety under Sif Muna
  9654 | D:9      | Found a stormy altar of Qazlal.
  9817 | Orc:1    | Entered Level 1 of the Orcish Mines
  9885 | Orc:2    | Entered Level 2 of the Orcish Mines
  9892 | Orc:2    | Reached skill level 1 in Invocations
 10021 | Orc:2    | Noticed an orc knight
 10025 | Orc:2    | Killed an orc knight
 10353 | Orc:2    | Noticed an orc knight
 10357 | Orc:2    | Killed an orc knight
 10361 | Orc:2    | Found Ohell's Book Emporium.
 10621 | Orc:2    | Reached ***** piety under Sif Muna
 10623 | Orc:2    | Found Yngau's Antique Armour Shoppe.
 10759 | Orc:2    | Noticed an orc sorcerer
 10762 | Orc:2    | Killed an orc sorcerer
 10772 | Orc:2    | Found a staircase to the Elven Halls.
 10834 | Orc:2    | Received a gift from Sif Muna
 10835 | Orc:2    | Got Sif Muna's Compilation of Amorphous Mustering {god
                  | gift}
 10881 | Orc:2    | Noticed an orc sorcerer
 10883 | Orc:2    | Killed an orc sorcerer
 10888 | Orc:2    | Noticed Saint Roka
 11461 | Orc:1    | Noticed an orc sorcerer
 11461 | Orc:1    | Noticed an orc sorcerer
 11462 | Orc:1    | Noticed an orc warlord
 11464 | Orc:1    | Killed an orc sorcerer
 11464 | Orc:1    | Killed an orc sorcerer
 11465 | Orc:1    | Reached XP level 12. HP: 56/59 MP: 26/26
 11477 | Orc:1    | Killed an orc warlord
 11481 | Orc:1    | Reached skill level 5 in Invocations
 12118 | Orc:1    | Noticed an orc warlord
 12125 | Orc:1    | Killed an orc warlord
 12605 | Orc:1    | Identified the +0 long sword of suipiss's Peril {drain,
                  | rPois Will+}
 12740 | D:10     | Entered Level 10 of the Dungeon
 12763 | D:10     | Found a transporter.
 12763 | D:10     | Noticed a seven-headed hydra
 12781 | D:10     | Noticed RascalDebosk's ghost (journeyman DjSu)
 12873 | D:10     | Found a transporter.
 13038 | D:10     | Reached skill level 10 in Conjurations
 13038 | D:10     | Reached skill level 10 in Fire Magic
 13336 | D:10     | Found a staircase to the Lair.
 14009 | D:11     | Found Honin's Antique Weapon Emporium.
 14045 | D:11     | Found Qeetos's Weapon Emporium.
 14060 | D:11     | Found a faded altar of an unknown god.
 14162 | D:11     | Found Nihuasum's Magic Scroll Boutique.
 14170 | D:11     | Bought a scroll of blinking for 105 gold pieces
 14170 | D:11     | Bought a scroll of identify for 28 gold pieces
 14170 | D:11     | Bought a scroll of identify for 28 gold pieces
 14170 | D:11     | Identified a scroll of acquirement
 14173 | D:11     | Acquired 974 gold pieces
 14270 | D:11     | Found Hotyg's Jewellery Shoppe.
 14274 | D:11     | Bought a ring of magical power for 260 gold pieces
 14274 | D:11     | Bought the ring of the Townfolk {rPois rN+ Will+ Str+3
                  | Int-3 Slay+2} for 634 gold pieces
 14274 | D:11     | Bought a ring of wizardry for 390 gold pieces
 14283 | D:11     | Learned a level 5 spell: Summon Mana Viper
 14310 | D:11     | Noticed a two-headed ogre
 14315 | D:11     | Killed a two-headed ogre
 14356 | D:11     | Found Newawk's Weapon Shop.
 14386 | D:11     | Noticed a two-headed ogre
 14393 | D:11     | Killed a two-headed ogre
 14748 | D:11     | Bought a scroll of identify for 28 gold pieces
 14748 | D:11     | Bought a scroll of identify for 28 gold pieces
 15020 | D:12     | Reached skill level 10 in Hexes
 15043 | D:12     | Noticed a boulder beetle
 15047 | D:12     | Killed a boulder beetle
 15225 | D:12     | Noticed a boulder beetle
 15229 | D:12     | Killed a boulder beetle
 15230 | D:12     | Reached XP level 13. HP: 63/63 MP: 28/28
 15499 | D:12     | Found a viscous altar of Jiyva.
 16621 | D:13     | Found a gate to the Vaults.
 17010 | D:14     | Reached skill level 10 in Spellcasting
 17237 | D:14     | Found a frozen archway.
 17262 | IceCv    | Entered an ice cave
 17262 | IceCv    | Noticed a white very ugly thing
 17266 | IceCv    | Found a transporter.
 17279 | IceCv    | HP: 3/63 [golden dragon simulacrum (10)]
 17279 | IceCv    | HP: 1/63 [constriction (2)]
 17280 | IceCv    | Noticed a white very ugly thing
 17284 | IceCv    | Mangled by a caustic shrike simulacrum

Illustrated notes

Levels and vault maps discovered:
D:1:      reono_arrival_forest_river, layout_loops_ring,
          amcnicky_mini_pool_small
D:2:      layout_basic, minmay_misc_feat_rugged
D:3:      layout_basic, mainiacjoe_overflow_chevrons
D:4:      layout_basic, mainiacjoe_overflow_brackets, old_standard_altar,
          minmay_stone_trees_small
D:5:      layout_gridville, general_overflow_altar,
          minmay_temple_entry_statues_fountains, gammafunk_ghost_smash,
          minmay_misc_feat_chi, nrook_loot_triangle, uniq_sigmund
D:6:      minmay_opposing_rooms, layout_cave_pools, serial_glass,
          glass_columns_c, glass_columns_a, item_on_display_a
D:7:      layout_rooms, mainiacjoe_overflow_tiny_flanked,
          dilly_guarded_unrand_morg, uniq_prince_ribbit1
D:8:      layout_gridville, nicolae_ru_sacrificial_ziggurat,
          mainiacjoe_overflow_surrounded_room
D:9:      layout_roguey, nicolae_qazlal_eye_of_the_storm,
          minmay_orc_entry_temple_small, minmay_quadrilaterals, uniq_maggie,
          uniq_psyche, uniq_maurice
D:10:     layout_loops_corners, due_lair_maze_entry_diamond,
          gammafunk_ghost_berserking_beasts
D:11:     layout_big_octagon, serial_shops, nicolae_shop_getting_attention,
          nicolae_shop_tiny_waterfront, shop, nicolae_shop_tiny_waterfront,
          nicolae_shop_pleasant_corner_grove, serial_column_ruins,
          column_ruins_hut, column_ruins_temple_hall,
          column_ruins_corridor_straight, column_ruins_open_tiny,
          column_ruins_columns_plus, column_ruins_open_small
D:12:     layout_loops_ring, jiyva_altar_1
D:13:     layout_stronghold, david_vaults_5, serial_bayou_lagoon_a
D:14:     layout_roguey, portal_ice_cave_entry_ice_simulacra, lemuel_round_altar
Orc:1:    layout_diamond_mine, minmay_orc_treasury
Orc:2:    grunt_orc_community_town_hall, layout_diamond_mine,
          grunt_orc_community_big_house_2, grunt_orc_community_big_house_2,
          grunt_orc_community_house_3, grunt_orc_community_house_3,
          grunt_orc_community_house_1, grunt_orc_community_house_3,
          grunt_orc_community_house_1, grunt_orc_community_house_2
IceCv:    ice_cave_statue_garden_transporter

Skill      XL: |  1  2  3  4  5  6  7  8  9 10 11 12 13 |
---------------+----------------------------------------+-----
Stealth        | 4 5 6 7 |  7.2
Conjurations   | 1 2 3 4 6 7 9 10 11 | 11.0
Dodging        | 3 4 5 6 7 8 9 |  9.1
Fire Magic     | 1 2 3 5 6 7 9 10 11 | 11.0
Poison Magic   | 1 2 3 4 6 |  6.3
Short Blades   | 2 3 4 5 6 7 |  7.4
Spellcasting   | 4 5 6 7 8 9 10 | 10.1
Hexes          | 5 6 7 9 10 | 10.4
Armour         | 2 4 |  4.0
Invocations    | 4 6 7 |  7.6

Action                     |  1- 3 |  4- 6 |  7- 9 | 10-12 | 13-15 || total
---------------------------+-------+-------+-------+-------+-------++-------
  Melee: Dagger            |   104 |   113 |   185 |   237 |    21 ||   660
         Punch             |     2 |       |     3 |       |       ||     5
         Short sword       |       |       |    16 |     5 |       ||    21
   Cast: Ensorcelled Hiber |    20 |    24 |    23 |    25 |       ||    92
         Tukima's Dance    |       |     3 |    20 |    18 |       ||    41
         Dazzling Flash    |       |     2 |       |       |       ||     2
         Sticky Flame      |       |       |    17 |    28 |     5 ||    50
         Ignite Poison     |       |       |     7 |    86 |    21 ||   114
         Olgreb's Toxic Ra |       |       |     5 |    65 |    17 ||    87
         Summon Mana Viper |       |       |       |     2 |    12 ||    14
         Blink             |       |       |       |     1 |     1 ||     2
  Evoke: Wand              |       |     9 |    14 |     1 |     5 ||    29
    Use: Potion            |     1 |     2 |     3 |       |     1 ||     7
         Scroll            |       |    13 |     7 |    13 |     5 ||    38
   Stab: Sleeping          |    21 |    24 |    18 |    19 |     3 ||    85
         Invisible         |       |     2 |       |       |       ||     2
         Distracted        |       |       |       |       |     1 ||     1
 Armour: Robe              |    46 |    21 |    78 |     6 |       ||   151
         Leather armour    |       |       |       |    66 |     1 ||    67
         Steam dragon scal |       |       |       |       |    11 ||    11
  Dodge: Dodged            |    83 |    77 |   125 |   197 |    34 ||   516
